 Dungeon Crawl Stone Soup version 0.27-a0-1202-ge72e49191c (webtiles) character file.

Game seed: 12574332044730511686

129 polve the Cutter (level 4, -6/35 HPs)
             Began as a Demonspawn Abyssal Knight on June 4, 2021.
             Was a Believer of Lugonu.
             Mangled by a worm (9 damage)
             ... on level 3 of the Dungeon.
             The game lasted 00:03:04 (3494 turns).

polve the Cutter (Demonspawn Abyssal Knight)        Turns: 3494, Time: 00:03:05

Health: -6/35      AC:  8    Str: 14    XL:     4   Next: 88%
Magic:  5/5        EV:  9    Int: 13    God:    Lugonu [**....]
Gold:   123        SH:  4    Dex: 14    Spells: 3/3 levels left

rFire    . . .     SeeInvis .   a - +1 short sword
rCold    . . .     Faith    .   (no shield)
rNeg     . . .     Spirit   .   d - +0 scale mail
rPois    +         Reflect  .   j - +0 helmet
rElec    .         Harm     .   b - +0 cloak
rCorr    .         Rampage  .   (no gloves)
Will     .....                  (no boots)
Stlth    +.........             (no amulet)
HPRegen  0.11/turn              i - ring of poison resistance
MPRegen  0.09/turn              (no ring)

@: no status effects
A: claws 1, thin skeletal structure 1, condensation shield
a: Renounce Religion, Depart the Abyss, Bend Space


You were on level 3 of the Dungeon.
You worshipped Lugonu.
Lugonu was pleased with you.
You visited 1 branch of the dungeon, and saw 3 of its levels.
You visited the Abyss 1 time.

You collected 123 gold pieces.

Inventory:

Hand Weapons
 a - a +1 short sword (weapon)
Armour
 b - a +0 cloak (worn)
 d - a +0 scale mail (worn)
 j - a +0 helmet (worn)
Jewellery
 i - a ring of poison resistance (left claw)
Scrolls
 e - a scroll of identify {unknown}
 f - a scroll of fog {unknown}
 g - a scroll of holy word {unknown}
 h - a scroll of immolation {unknown}
 k - a scroll of acquirement {unknown}


   Skills:
 - Level 3.0 Fighting
 - Level 4.0 Short Blades
 - Level 1.9 Armour
 - Level 0.8 Dodging
 + Level 2.0 Unarmed Combat
 - Level 2.4 Invocations


You had 3 spell levels left.
You didn't know any spells.
Your spell library was empty.

Dungeon Overview and Level Annotations

Branches:
Dungeon (3/15)

Altars:

Annotations:
D:2 Purgy
D:3 Jessica


Innate Abilities, Weirdness & Mutations

You have sharp fingernails.
You have a somewhat thin skeletal structure. (Dex +2, Stealth+)
A meltable shield of frost defends you. (SH +4)


Message History

Purgy claws you but does no damage.
You aren't carrying any potions.
Purgy hisses menacingly.
Purgy bites you.
* * * LOW HITPOINT WARNING * * *
You block Purgy's attack. Purgy claws you but does no damage.
Purgy snarls, "Go!
Away!"
Space bends around you!
You blink.
There is a stone staircase leading down here.
You climb downwards.
Level annotation: Jessica A worm comes into view.
There is a stone staircase leading up here.
A worm is nearby!
The worm bites you.
* * * LOW HITPOINT WARNING * * *
You hit the worm.
The worm is moderately wounded.
You hit the worm but do no damage.
The worm is moderately wounded.
The worm closely misses you.
You hit the worm.
The worm is heavily wounded.
You hit the worm.
The worm is severely wounded.
The worm barely misses you.
You hit the worm.
The worm is severely wounded.
You completely miss the worm.
The worm is severely wounded.
The worm barely misses you.
You hit the worm.
The worm is severely wounded.
The worm bites you but does no damage.
You hit the worm.
The worm is almost dead.
You completely miss the worm.
The worm is almost dead.
The worm bites you!
You die...

## .. #. #.
## #.###.
.#
#.....##.#
#...w@<#
.....####.#
#.# .# .#
.. .# ##


You could see a worm.

Vanquished Creatures
  Crazy Yiuf (D:2)
  Robin (D:2)
  An adder (D:2)
  A worm (D:1)
  A dart slug (D:1)
  An orc (D:2)
  7 endoplasms
  6 giant cockroaches
  14 goblins
  4 hobgoblins
  7 jackals
  5 kobolds
  A quokka (D:3)
  3 ball pythons
  5 bats
  2 frilled lizards
  8 rats
68 creatures vanquished.

Notes
Turn   | Place    | Note
-------+----------+-------------------------------------------
     0 | Abyss:1  | polve the Demonspawn Abyssal Knight began the quest for the
                  | Orb.
     0 | Abyss:1  | Reached XP level 1. HP: 18/18 MP: 2/2
   100 | Abyss:1  | Found a corrupted altar of Lugonu.
   114 | Abyss:1  | Found a corrupted altar of Lugonu.
   115 | Abyss:1  | Found a corrupted altar of Lugonu.
   146 | Abyss:1  | Found a corrupted altar of Lugonu.
   149 | Abyss:1  | Noticed a tentacled starspawn
   155 | D:1      | Escaped the Abyss
   202 | D:1      | Found a runed translucent door.
   240 | D:1      | Reached skill level 2 in Short Blades
   316 | D:1      | Reached * piety under Lugonu
   596 | D:1      | Gained mutation: A meltable shield of frost defends you.
                  | (SH +4) [demonic ancestry]
   596 | D:1      | Reached XP level 2. HP: 24/24 MP: 3/3
  1085 | D:1      | Reached skill level 3 in Short Blades
  1180 | D:1      | Gained mutation: You have a somewhat thin skeletal
                  | structure. (Dex +2, Stealth+) [demonic ancestry]
  1180 | D:1      | Reached XP level 3. HP: 29/29 MP: 4/4
  1384 | D:2      | Reached ** piety under Lugonu
  1402 | D:2      | Found a faded altar of an unknown god.
  1584 | D:2      | Noticed Robin
  1959 | D:2      | Killed Robin
  1960 | D:2      | Reached skill level 4 in Short Blades
  1960 | D:2      | Gained mutation: You have sharp fingernails. [demonic
                  | ancestry]
  1960 | D:2      | Reached XP level 4. HP: 19/35 MP: 5/5
  2633 | D:2      | Found a runed translucent door.
  2634 | D:2      | Noticed Crazy Yiuf
  2779 | D:2      | Reached skill level 1 in Unarmed Combat
  2955 | D:2      | Killed Crazy Yiuf
  3236 | D:3      | Noticed Purgy
  3238 | D:3      | Noticed Jessica
  3494 | D:3      | Mangled by a worm

Illustrated notes

Levels and vault maps discovered:
D:1:      dpeg_arrival_caged_fury, layout_basic
D:2:      layout_basic, shapermc_ecumenical_altar_gd, uniq_robin,
          uniq_crazy_yiuf_cottage
D:3:      layout_loops_ring, uniq_jessica, uniq_purgy

Skill      XL: |  1  2  3  4 |
---------------+-------------+-----
Short Blades   | 2 3 4 |  4.0
Unarmed Combat | 2 |  2.0
Fighting       | |  3.0
Armour         | |  1.9
Dodging        | |  0.8
Invocations    | |  2.4

Action                   |  1- 3 |  4- 6 || total
-------------------------+-------+-------++-------
Melee: Short sword       |   167 |   104 ||   271
       Punch             |       |     1 ||     1
Invok: Depart the Abyss  |     1 |       ||     1
       Bend Space        |     1 |     1 ||     2
  Use: Potion            |       |     2 ||     2
 Stab: Invisible         |       |     1 ||     1
       Sleeping          |       |     1 ||     1
Armor: Scale mail        |    69 |    38 ||   107
Dodge: Dodged            |    70 |    37 ||   107
Block: Other             |    19 |    16 ||    35

Table legend: (Time is in decaauts)
 A = Elapsed time spent in this place.
 B = Non-inter-level travel time spent in this place.
 C = Inter-level travel time spent in this place.
 D = Time resting spent in this place.
 E = Time spent auto-exploring this place.
 F = Levels seen in this place.
 G = Mean time per level.
                   A        B        C        D        E       F      G
               +--------+--------+--------+--------+--------+-----+--------+
         Total |   3471 |   3403 |     68 |      0 |   2822 |   4 |  867.8 |
       Dungeon |   3316 |   3248 |     68 |      0 |   2674 |   3 | 1105.3 |
         Abyss |    155 |    155 |      0 |      0 |    148 |   1 |  155.0 |
               +--------+--------+--------+--------+--------+-----+--------+

Top non-repeatable levels by time:
     D:2: 1785 daAuts
     D:1: 1497 daAuts
 Abyss:1: 155 daAuts
     D:3: 33 daAuts
